 Dungeon Crawl Stone Soup version 0.29.1-15-g9cfb28693d (webtiles) character file.

Game seed: 7334552408703972879

1369 Sanktem7 the Fighter (level 8, -3/77 HPs)
             Began as a Minotaur Fighter on Mar 9, 2023.
             Slain by an ice beast (9 damage)
             ... on level 6 of the Dungeon.
             The game lasted 00:10:43 (4509 turns).

Sanktem7 the Fighter (Minotaur Fighter)             Turns: 4509, Time: 00:10:43

Health: -3/77      AC: 11    Str: 24    XL:     8   Next: 38%
Magic:  7/7        EV: 11    Int:  5    God:
Gold:   258        SH:  4    Dex:  9    Spells: 7/7 levels left

rFire   . . .      SeeInvis .   a - +0 war axe {axe}
rCold   . . .      Faith    .   c - +0 buckler
rNeg    . . .      Spirit   .   E - +0 chain mail
rPois   .          Reflect  .   (helmet restricted)
rElec   .          Harm     .   i - +0 cloak
rCorr   .          Rampage  .   (no gloves)
Will    .....                   (no boots)
Stlth   ..........              (no amulet)
HPRegen 0.22/turn               n - +4 ring of evasion
MPRegen 0.10/turn               (no ring)

@: no status effects
A: horns 2, retaliatory headbutt
a: no special abilities


You were on level 6 of the Dungeon.
You visited 1 branch of the dungeon, and saw 6 of its levels.

You collected 258 gold pieces.


Innate Abilities, Weirdness & Mutations

You have a pair of horns on your head.
You reflexively headbutt those who attack you in melee.


   Skills:
 * Level 8.9 Fighting
 * Level 8.4 Axes
 - Level 6.0 Armour
 - Level 3.6 Shields


You had 7 spell levels left.
You didn't know any spells.
Your spell library contained the following spells:

 Spells                   Type           Power      Damage    Failure   Level
 Slow                     Hex            0%         N/A       99%         1
 Call Canine Familiar     Summ           0%         N/A       100%        3
 Confusing Touch          Hex            0%         N/A       100%        3
 Portal Projectile        Hex/Tloc       0%         N/A       100%        3
 Vampiric Draining        Necr           0%         2d6       100%        3
 Leda's Liquefaction      Hex/Erth       0%         N/A       100%        4

Inventory:

Hand Weapons
 a - a +0 war axe (weapon) {axe}
 x - a +0 mace of holy wrath {mace}
   (You took it off an orc on level 4 of the Dungeon)
Missiles
 o - 41 stones (quivered) {throwing}
 u - 3 boomerangs {throwing}
Armour
 b - a +0 scale mail
 c - a +0 buckler (worn)
 i - a +0 cloak (worn)
   (You found it on level 1 of the Dungeon)
 t - the +1 robe of Sazasie {rElec rC+++ Str+4 Dex-2}
   (You found it on level 3 of the Dungeon)

   Str:       It affects your strength (+4).
   Dex:       It affects your dexterity (-2).
   rC:        It renders you almost immune to cold.
   rElec:     It insulates you from electricity.
 E - a +0 chain mail (worn)
   (You found it on level 5 of the Dungeon)
 H - the +2 scale mail of Hairiness {rN++ Will+ MP+9}
   (You found it on level 5 of the Dungeon)

   rN:        It greatly protects you from negative energy.
   MP:        It affects your magic capacity (+9).
   Will:      It increases your willpower.
Magical Staves
 f - a staff of conjuration {!a@e2staff}
   (You found it on level 3 of the Dungeon)
Jewellery
 n - a +4 ring of evasion (left hand)
   (You found it on level 1 of the Dungeon)
 z - a ring of protection from fire
   (You found it on level 4 of the Dungeon)
Wands
 G - a wand of acid (9)
   (You found it on level 5 of the Dungeon)
 J - a wand of charming (11)
   (You found it on level 5 of the Dungeon)
Scrolls
 k - 2 scrolls of enchant armour {unknown}
 l - 2 scrolls of blinking {unknown}
 m - 2 scrolls of teleportation {unknown}
 r - 2 scrolls of identify {unknown}
 w - a scroll of brand weapon {unknown}
 y - 3 scrolls of magic mapping {unknown}
 B - a scroll of fear {unknown}
 C - a scroll of poison {unknown}
 D - a scroll of enchant weapon {unknown}
 F - a scroll of vulnerability {unknown}
Potions
 d - 2 potions of might
 e - 2 potions of lignification {unknown}
 g - a potion of invisibility {unknown}
 h - 2 potions of cancellation {unknown}
 j - a potion of flight {unknown}
 p - 4 potions of heal wounds {unknown}
 q - 2 potions of curing {unknown}
 s - 2 potions of degeneration {unknown}
 v - a potion of mutation {unknown}
 A - a potion of haste {unknown}
 I - a potion of brilliance {unknown}

Dungeon Overview and Level Annotations

Branches:
Dungeon (6/15) Zot: 26979
 Temple: D:4-7

Altars:
Makhleb
Trog

. #..........#
#. #..........#
.##..........##
..............
#............
#..........#
#...†......#
#..........##
#....@...>..#
#.....Y.....#
####........#
#.........
#.......##
#.h......#
#......#.#
#.........


You could see an ice beast and a hound.


Message History

You slash the howler monkey!
You kill the howler monkey!
The water moccasin closely misses you. You furiously retaliate!
You headbutt the water moccasin.
The howler monkey hoots and howls with incredible vigour!
You hear a shout! x2; You hear an angry hiss.
You hear a shout!
You hear a bark!
You hear an angry hiss.
You barely miss the water moccasin. The water moccasin bites you.
You are poisoned.
The water moccasin poisons you! The water moccasin bites you. 😕 HP[-3]
You take 3 damage, and now have 70/75 hp.
You slash the water moccasin! You headbutt the water moccasin.
You slash the iguana!
You feel very sick. The water moccasin bites you!
You are more poisoned.
The water moccasin poisons you! The iguana bites you. 😕 HP[-13]
You take 13 damage, and now have 57/75 hp.
You closely miss the water moccasin. You hit the iguana.
You feel extremely sick.
The water moccasin bites you but does no damage.
The iguana bites you.
You block the water moccasin's attack. 😮 HP[-11]
You take 11 damage, and now have 46/75 hp.
You miss the water moccasin. You hit the iguana. You hit the howler monkey.
You feel very sick. The water moccasin barely misses you.
You furiously retaliate!
You headbutt the water moccasin! The iguana bites you.
The howler monkey barely misses you.
The water moccasin barely misses you. 😮 HP[-8]
You take 8 damage, and now have 38/75 hp.
You barely miss the water moccasin. You closely miss the howler monkey.
You hit the iguana but do no damage.
You feel very sick. The howler monkey barely misses you.
The iguana closely misses you.
The water moccasin bites you but does no damage.
The howler monkey hoots and howls with incredible vigour!
The iguana bites you.
* * * LOW HITPOINT WARNING * * *
You hear a bark!
You hear a shout!
You hear a croak.
You hear a shout! x3 😨 HP[-5]
You take 5 damage, and now have 33/75 hp.
You hit the water moccasin but do no damage.
You closely miss the iguana. You barely miss the howler monkey.
You feel very sick. The water moccasin closely misses you.
The howler monkey misses you. You furiously retaliate!
You headbutt the howler monkey, but do no damage.
The iguana closely misses you.
The water moccasin closely misses you. 😨 HP[-3]
You take 3 damage, and now have 30/75 hp.
You closely miss the water moccasin. You barely miss the howler monkey.
You closely miss the iguana.
You feel very sick. You block the howler monkey's attack.
The water moccasin closely misses you.
An ice beast comes into view.
The iguana bites you!
* * * LOW HITPOINT WARNING * * *
😱 HP[-12]
You take 12 damage, and now have 18/75 hp.
You hit the water moccasin. You closely miss the iguana.
You closely miss the howler monkey.
You feel sick. The water moccasin barely misses you.
The howler monkey hoots and howls with incredible vigour!
The iguana barely misses you. You furiously retaliate!
You headbutt the iguana!
You kill the iguana!
The water moccasin misses you.
The howler monkey hoots and howls with incredible vigour!
You hear a shout!
Your Axes skill increases to level 8! 😱 HP[-2]
You take 2 damage, and now have 16/75 hp.
You slash the water moccasin!
You kill the water moccasin!
You hit the howler monkey.
You feel sick. The howler monkey hits you.
* * * LOW HITPOINT WARNING * * *
😱 HP[-5]
You now have 77 max hp (+2).
You take 5 damage, and now have 11/77 hp.
You hit the howler monkey.
You feel sick. The howler monkey closely misses you. You furiously retaliate!
You headbutt the howler monkey!
You kill the howler monkey! 😱 HP[-2]
You take 2 damage, and now have 9/77 hp.
You feel sick. 😱 HP[-1]
You take 1 damage, and now have 8/77 hp.
A hound comes into view.
You feel sick.
The hound barks!
The ice beast hits you but does no damage.
There is a stone staircase leading up here.
You hit the ice beast.
You feel sick.
You are no longer poisoned.
The ice beast hits you.
* * * LOW HITPOINT WARNING * * *
The ice beast freezes you!
You die...

Skill      XL: |  1  2  3  4  5  6  7  8 |
---------------+-------------------------+-----
Fighting       | 4 5 6 8 |  8.9
Axes           | 3 4 5 6 7 8 |  8.4
Armour         | 4 5 6 |  6.0
Shields        | |  3.6

Action                   |  1- 3 |  4- 6 |  7- 9 || total
-------------------------+-------+-------+-------++-------
Melee: War axe           |    77 |    78 |    60 ||   215
       Headbutt          |     5 |     9 |     9 ||    23
Armor: Scale mail        |    37 |    27 |       ||    64
       Chain mail        |       |    13 |    34 ||    47
       Skin              |       |     4 |       ||     4
Dodge: Dodged            |    51 |    66 |    48 ||   165
Block: Buckler           |    20 |    30 |    20 ||    70

Levels and vault maps discovered:
D:1:      minmay_arrival_four_loops, layout_basic,
          nicolae_concentric_dashed_squares_mild, grunt_decor_mini_mirrors
D:2:      layout_loops_corners, shapermc_ecumenical_altar_mp_vishouse
D:3:      layout_basic, mainiacjoe_overflow_paths, mainiacjoe_overflow_alcove_2
D:4:      layout_gridville, minmay_gold_behind_fungi,
          hangedman_abyss_or_decor_stabs, minmay_door_square
D:5:      dreamdust_elfheim, layout_basic, minmay_misc_feat_nine_boxes,
          uniq_blork_the_orc
D:6:      layout_rooms, minmay_misc_feat_plants, minmay_crystal_water

Notes
Turn   | Place    | Note
-------+----------+-------------------------------------------
     0 | D:1      | Sanktem7 the Minotaur Fighter began the quest for the Orb.
     0 | D:1      | Reached XP level 1. HP: 19/19 MP: 0/0
     0 | D:1      | magus.rc [v1.9.6]
   344 | D:1      | Reached XP level 2. HP: 27/27 MP: 1/1
   349 | D:1      | Reached skill level 4 in Fighting
   454 | D:1      | Reached skill level 3 in Axes
   723 | D:1      | magus.rc [v1.9.6]
   911 | D:2      | Reached skill level 4 in Armour
   911 | D:2      | Reached XP level 3. HP: 33/33 MP: 2/2
  1148 | D:2      | Found a faded altar of an unknown god.
  1562 | D:3      | Identified the +1 robe of Sazasie {rElec rC+++ Str+4 Dex-2}
  1581 | D:3      | Found a bloodstained altar of Trog.
  1687 | D:3      | Found a burning altar of Makhleb.
  1793 | D:3      | Reached XP level 4. HP: 32/41 MP: 3/3
  2179 | D:3      | Reached skill level 4 in Axes
  2437 | D:4      | Noticed a centaur
  2443 | D:4      | Killed a centaur
  2444 | D:4      | Reached skill level 5 in Fighting
  2444 | D:4      | Reached XP level 5. HP: 35/48 MP: 4/4
  2879 | D:4      | Noticed a black bear
  2883 | D:4      | Killed a black bear
  2884 | D:4      | Reached skill level 5 in Axes
  2888 | D:4      | Reached XP level 6. HP: 52/57 MP: 5/5
  2890 | D:4      | Reached skill level 6 in Fighting
  2958 | D:4      | Reached skill level 5 in Armour
  3116 | D:4      | You pick up a book of the Hunter and begin reading...
  3116 | D:4      | You add the spells Call Canine Familiar, Portal Projectile
                  | and Leda's Liquefaction to your library.
  3399 | D:5      | Entered Level 5 of the Dungeon
  3504 | D:5      | Reached skill level 6 in Axes
  3733 | D:5      | Reached XP level 7. HP: 57/64 MP: 6/6
  3738 | D:5      | Reached skill level 7 in Fighting
  3988 | D:5      | You pick up a book of Debilitation and begin reading...
  3988 | D:5      | You add the spells Slow, Vampiric Draining and Confusing
                  | Touch to your library.
  4024 | D:5      | Noticed Blork the orc
  4026 | D:5      | Reached skill level 7 in Axes
  4033 | D:5      | Killed Blork the orc
  4034 | D:5      | Reached skill level 6 in Armour
  4042 | D:5      | Reached skill level 8 in Fighting
  4042 | D:5      | Reached XP level 8. HP: 59/74 MP: 7/7
  4169 | D:5      | Identified the +2 scale mail of Hairiness {rN++ Will+ MP+9}
  4503 | D:6      | HP: 18/75 [iguana (9)]
  4505 | D:6      | Reached skill level 8 in Axes
  4507 | D:6      | HP: 8/77 [poisoned by a water moccasin]
  4509 | D:6      | Slain by an ice beast

Vanquished Creatures
  2 water moccasins
  An ice beast (D:5)
  A black bear (D:4)
  A centaur (D:4)
  2 phantoms
  Blork the orc (D:5)
  2 scorpions (D:5)
  4 killer bees (D:5)
  3 howler monkeys
  A hound (D:5)
  A jelly (D:4)
  3 iguanas
  7 adders
  An ufetubus (D:5)
  6 dart slugs
  8 orcs
  9 ball pythons
  4 bats
  3 endoplasms
  A giant cockroach (D:1)
  2 goblins (D:3)
  9 hobgoblins
  3 jackals (D:1)
  2 quokkas (D:2)
  4 frilled lizards
  4 kobolds
  3 rats
88 creatures vanquished.

Vanquished Creatures (others)
  4 toadstools (D:4)
4 creatures vanquished.

Grand Total: 92 creatures vanquished

Table legend:
 A = Non-vault XP
 B = Vault XP
 C = Vault XP percentage of total XP
 D = Non-vault monster count
 E = Vault monster count
 F = Vault count percentage of total count
                 A         B        C        D         E       F
            +---------+---------+-------+---------+---------+-------
      Total |    1867 |      90 |   4.6 |      87 |       1 |   1.1
            +---------+---------+-------+---------+---------+-------
        D:1 |      32 |       0 |   0.0 |      17 |       0 |   0.0
        D:2 |      15 |       0 |   0.0 |       9 |       0 |   0.0
        D:3 |      73 |       0 |   0.0 |      22 |       0 |   0.0
        D:4 |     434 |       0 |   0.0 |      18 |       0 |   0.0
        D:5 |    1018 |      90 |   8.1 |      17 |       1 |   5.6
        D:6 |     295 |       0 |   0.0 |       4 |       0 |   0.0
            +---------+---------+-------+---------+---------+-------

Illustrated notes

Table legend:
 A = Kills in this place as a percentage of kills in entire the game.
 B = Kills by you in this place as a percentage of kills by you in the entire game.
 C = Kills by friends in this place as a percentage of kills by friends in the entire game.
 D = Other kills in this place as a percentage of other kills in the entire game.
 E = Experience gained in this place as a percentage of experience gained in the entire game.
 F = Experience gained in this place divided by the number of levels of this place that you have seen.
                   A       B       C       D       E      F
               +-------+-------+-------+-------+-------+----------------------
         Total | 100.0 | 100.0 |   N/A |   N/A | 100.0 | 326.2
       Dungeon | 100.0 | 100.0 |   N/A |   N/A | 100.0 | 326.2
               +-------+-------+-------+-------+-------+----------------------

Table legend: (Time is in decaauts)
 A = Elapsed time spent in this place.
 B = Non-inter-level travel time spent in this place.
 C = Inter-level travel time spent in this place.
 D = Time resting spent in this place.
 E = Time spent auto-exploring this place.
 F = Levels seen in this place.
 G = Mean time per level.
                   A        B        C        D        E       F      G
               +--------+--------+--------+--------+--------+-----+--------+
         Total |   4570 |   4442 |    128 |      0 |   3880 |   6 |  761.7 |
       Dungeon |   4570 |   4442 |    128 |      0 |   3880 |   6 |  761.7 |
               +--------+--------+--------+--------+--------+-----+--------+

Top non-repeatable levels by time:
     D:5: 1104 daAuts
     D:4: 976 daAuts
     D:3: 939 daAuts
     D:1: 796 daAuts
     D:2: 734 daAuts
     D:6: 19 daAuts
